 Dungeon Crawl Stone Soup version 0.27-a0-242-ge0fc76b88b (webtiles) character file.

Game seed: 3800468115883380770

6958 siradein the Severer (level 11, -1/82 HPs)
             Began as a Hill Orc Fighter on Dec 9, 2020.
             Was a Believer of Beogh.
             Slain by Snorg (6 damage)
             ... on level 10 of the Dungeon on Feb 3, 2021.
             The game lasted 00:56:46 (9657 turns).

siradein the Severer (Hill Orc Fighter)             Turns: 9657, Time: 00:56:46

Health: -1/82      AC: 13    Str: 24    XL:     11   Next: 7%
Magic:  11/11      EV: 13    Int: 10    God:    Beogh [**....]
Gold:   454        SH: 10    Dex: 11    Spells: 10/10 levels left

rFire    . . .     SeeInvis +   a - +0 war axe
rCold    . . .     Faith    .   f - +0 kite shield of the Poles {Int+2} (curse)
rNeg     . . .     Spirit   .   O - +2 acid dragon scales
rPois    .         Reflect  .   l - +0 helmet
rElec    .         Harm     .   n - +0 cloak
rCorr    +         Rampage  .   (no gloves)
Will     .....                  (no boots)
Stlth    +.........             t - amulet of regeneration
HPRegen  0.63/turn              J - ring of see invisible
MPRegen  0.12/turn              h - +4 ring of evasion

@: mighty, berserk cooldown, slowed, very slow
A: yellow scales 1, strong 1, subdued magic 1
a: Renounce Religion, Smiting


You were on level 10 of the Dungeon.
You worshipped Beogh.
Beogh was pleased with you.
You visited 1 branch of the dungeon, and saw 10 of its levels.

You collected 454 gold pieces.

Inventory:

Hand Weapons
 a - a +0 war axe (weapon)
Armour
 f - the cursed +0 kite shield of the Poles (worn) {Int+2}
   (You found it on level 8 of the Dungeon)

   It affects your intelligence (+2).
   It has a curse placed upon it.
 l - a +0 helmet (worn)
 n - a +0 cloak (worn)
 O - +2 acid dragon scales (worn)
Jewellery
 h - a +4 ring of evasion (right hand)
 t - an amulet of regeneration (around neck)
 y - an uncursed amulet of reflection
 D - an uncursed ring of protection from fire
 H - an uncursed ring of positive energy
 J - a ring of see invisible (left hand)
 K - a +6 ring of intelligence {unknown}
 L - an uncursed amulet of the acrobat {unknown}
Wands
 k - a wand of acid (8)
 M - a wand of polymorph (5)
Scrolls
 c - 2 scrolls of magic mapping
 e - 5 scrolls of amnesia
 m - 2 scrolls of random uselessness
 o - 2 scrolls of remove curse
 p - 3 scrolls of identify
 s - 2 scrolls of fog
 v - 7 scrolls of teleportation
 x - a scroll of enchant weapon {unknown}
 A - a scroll of fear {unknown}
 B - 3 scrolls of blinking
 C - a scroll of torment {unknown}
 I - 3 scrolls of immolation
Potions
 b - 3 potions of curing {unknown}
 i - 2 potions of haste
 q - 2 potions of berserk rage
 r - 2 potions of attraction {unknown}
 u - a potion of ambrosia
 w - 3 potions of degeneration
 z - a potion of flight {unknown}
 E - a potion of resistance {unknown}
 F - a potion of cancellation {unknown}
 G - a potion of invisibility {unknown}
 N - 2 potions of heal wounds {unknown}


   Skills:
 - Level 3.6 Fighting
 - Level 18.9 Axes
 + Level 5.0 Armour
 + Level 5.0 Shields


You had 10 spell levels left.
You didn't know any spells.
Your spell library was empty.

Dungeon Overview and Level Annotations

Branches:
Dungeon (10/15)            Temple (0/1) D:5            Lair (0/6) D:8
    Orc: D:9-12

Altars:
Hepliaklqana
Kikubaaqudgha
Nemelex Xobeh
Okawaru
Qazlal
Ru
Trog
Vehumet
Wu Jian
Xom
Zin
The Shining One

Shops:
D:5 *

Annotations:
D:10 Snorg


Innate Abilities, Weirdness & Mutations

You are partially covered in yellow scales. (AC +2)
Your muscles are strong. (Str +2)
Your spells are a little easier to cast, but a little less powerful.


Message History

You block Snorg's attack. Snorg claws you.
* * * LOW HITPOINT WARNING * * *
You block Snorg's attack.
You are too berserk!
You slice Snorg!!
Snorg is heavily wounded.
Snorg bites you.
* * * LOW HITPOINT WARNING * * *
Snorg claws you!
* * * LOW HITPOINT WARNING * * *
Snorg misses you.
There is an open door, spattered with blood here.
You feel a strong urge to attack something.
You are no longer berserk.
You are exhausted.
You feel yourself slow down.
Snorg barely misses you. x2; Snorg completely misses you.
Snorg bites you but does no damage. You block Snorg's attack. Snorg misses you.
Snorg closely misses you. Snorg claws you.
You die...

.#.............# #...#
.'.............# #...#
.#.............#####...# .
.#.....................# ..
.#...................### ...
.#........[....####[..### ....
.#.............#≈≈≈≈≈≈≈≈# .....
.#..###........####...#####......
##..# #.........@T...'...†$......
....# #..............######......
....# #####+###.#...## ..... ####
...#.#.# ##=# #....<..# #
#########


You could see Snorg (berserk).

Vanquished Creatures
  3 death yaks (D:7)
  The ghost of Orlauf the Conjurer, a novice OpCj of Vehumet (D:4)
  An ugly thing (D:9)
  Maggie (D:10)
  A slime creature (D:9)
  A wraith (D:9)
  Eustachio (D:5)
  A water moccasin (D:5)
  An orc warrior (D:7)
  An ice beast (D:7)
  5 phantoms
  3 black bears
  4 ogres
  2 sky beasts
  3 centaurs
  5 bullfrogs
  4 killer bees (D:8)
  A howler monkey (D:4)
  A bullfrog zombie (D:7)
  A quasit (D:8)
  6 hounds
  5 orc priests
  7 orc wizards
  2 bullfrog skeletons
  A gnoll shaman (D:5)
  3 iguanas
  2 hell rats (D:8)
  2 worker ants
  3 hound skeletons
  3 worker ant zombies
  13 gnolls
  11 adders
  A river rat (D:8)
  2 shadow imps
  A white imp (D:9)
  An ooze (D:4)
  2 adder skeletons
  4 worms
  2 dart slugs
  4 leopard geckos
  17 orcs
  4 ball pythons
  3 giant cockroaches
  6 goblins
  8 hobgoblins
  6 jackals
  5 quokkas
  6 bats
  12 frilled lizards
  13 kobolds
  2 leopard gecko skeletons
  A leopard gecko zombie (D:8)
  11 rats
210 creatures vanquished.

Vanquished Creatures (others)
  2 orc priests (D:7)
  An orc wizard (D:7)
  A plant (D:5)
4 creatures vanquished.

Grand Total: 214 creatures vanquished

Notes
Turn   | Place    | Note
-------+----------+-------------------------------------------
     0 | D:1      | siradein the Hill Orc Fighter began the quest for the Orb.
     0 | D:1      | Reached XP level 1. HP: 19/19 MP: 1/1
    76 | D:1      | Reached skill level 3 in Axes
   204 | D:1      | Reached XP level 2. HP: 26/26 MP: 2/2
   349 | D:1      | Reached skill level 4 in Axes
   792 | D:1      | Reached XP level 3. HP: 31/31 MP: 3/3
   982 | D:2      | Reached skill level 5 in Axes
  1763 | D:2      | Reached XP level 4. HP: 39/39 MP: 4/4
  1772 | D:2      | Found an ornate altar of the Wu Jian Council.
  1962 | D:2      | Upgraded the game from 0.26-a0-1026-g544776af23 to
                  | 0.27-a0-156-gbcd94eb011
  2184 | D:3      | Reached skill level 6 in Axes
  2385 | D:3      | Found a sacrificial altar of Ru.
  2406 | D:3      | Reached XP level 5. HP: 45/45 MP: 5/5
  2680 | D:3      | Reached skill level 7 in Axes
  3122 | D:4      | Reached skill level 8 in Axes
  3122 | D:4      | Reached XP level 6. HP: 45/51 MP: 6/6
  3358 | D:4      | Found a radiant altar of Vehumet.
  3366 | D:4      | Found a bloodstained altar of Trog.
  3367 | D:4      | Found a glowing golden altar of the Shining One.
  3394 | D:4      | Reached skill level 9 in Axes
  3569 | D:4      | Noticed a phantom
  3585 | D:4      | Killed a phantom
  3586 | D:4      | Reached XP level 7. HP: 51/57 MP: 7/7
  3624 | D:4      | Reached skill level 10 in Axes
  3775 | D:4      | Noticed Orlauf's ghost (novice OpCj)
  3776 | D:4      | Found a runed translucent door.
  3970 | D:4      | Killed Orlauf's ghost
  3971 | D:4      | Reached skill level 12 in Axes
  3971 | D:4      | Reached XP level 8. HP: 39/64 MP: 8/8
  4041 | D:5      | Entered Level 5 of the Dungeon
  4094 | D:5      | Found a staircase to the Ecumenical Temple.
  4138 | D:5      | Noticed Eustachio
  4339 | D:5      | Killed Eustachio
  4509 | D:5      | Found an iron altar of Okawaru.
  4510 | D:5      | Found a stormy altar of Qazlal.
  4512 | D:5      | Found a sparkling altar of Nemelex Xobeh.
  4608 | D:5      | Found Wido's Serpentskin Sales.
  4618 | D:5      | Reached skill level 13 in Axes
  4708 | D:5      | Upgraded the game from 0.27-a0-156-gbcd94eb011 to
                  | 0.27-a0-170-g607d9e9d85
  5051 | D:6      | Reached XP level 9. HP: 70/70 MP: 9/9
  5057 | D:6      | Reached skill level 14 in Axes
  5665 | D:7      | Became a worshipper of Beogh the Brigand
  5972 | D:7      | Reached skill level 15 in Axes
  6653 | D:8      | Reached skill level 16 in Axes
  6835 | D:8      | Reached * piety under Beogh
  6903 | D:8      | Noticed a death yak
  6917 | D:8      | Noticed a death yak
  6917 | D:8      | Noticed a death yak
  7137 | D:7      | Gained mutation: Your spells are a little easier to cast,
                  | but a little less powerful. [potion of mutation]
  7137 | D:7      | Gained mutation: Your muscles are strong. (Str +2) [potion
                  | of mutation]
  7137 | D:7      | Gained mutation: You are partially covered in yellow
                  | scales. (AC +2) [potion of mutation]
  7189 | D:7      | Killed a death yak
  7190 | D:7      | Reached skill level 17 in Axes
  7190 | D:7      | Reached XP level 10. HP: 39/77 MP: 10/10
  7402 | D:7      | Killed a death yak
  7465 | D:8      | Found a staircase to the Lair.
  7466 | D:8      | Got a scorched kite shield
  7502 | D:8      | Identified the cursed +0 kite shield of the Poles {Int+2}
                  | (You found it on level 8 of the Dungeon)
  7807 | D:7      | Killed a death yak
  7808 | D:7      | Reached skill level 18 in Axes
  8380 | D:8      | Upgraded the game from 0.27-a0-170-g607d9e9d85 to
                  | 0.27-a0-242-ge0fc76b88b
  8466 | D:9      | Found a hazy altar of Hepliaklqana.
  8467 | D:9      | Found a shimmering altar of Xom.
  8468 | D:9      | Noticed a spectral ugly thing
  8721 | D:9      | Noticed a purple ugly thing
  8733 | D:9      | Killed a purple ugly thing
  8733 | D:9      | Reached ** piety under Beogh
  9050 | D:9      | Found a glowing silver altar of Zin.
  9149 | D:9      | Found an ancient bone altar of Kikubaaqudgha.
  9198 | D:9      | Found a glowing golden altar of the Shining One.
  9359 | D:10     | Entered Level 10 of the Dungeon
  9424 | D:10     | Reached XP level 11. HP: 79/82 MP: 11/11
  9501 | D:10     | Got a polished leather armour
  9502 | D:10     | Identified the +2 leather armour of Maro {rC- Str+3} (You
                  | found it on level 10 of the Dungeon)
  9513 | D:10     | Noticed Maggie
  9531 | D:10     | Killed Maggie
  9587 | D:10     | Reached skill level 5 in Armour
  9587 | D:10     | Reached skill level 5 in Shields
  9633 | D:10     | Noticed Snorg
  9651 | D:10     | HP: 2/123 [Snorg (12)]
  9657 | D:10     | Slain by Snorg

Illustrated notes

Levels and vault maps discovered:
D:1:      dpeg_arrival_tiny_j, layout_basic, hangedman_glass_teeth
D:2:      layout_basic, lemuel_coloured_pillars_altar, grunt_decor_arrowhead,
          hangedman_glass_garden
D:3:      layout_basic, nicolae_ru_great_annihilating_truth
D:4:      layout_loops_ring, nicolae_overflow_hidden_temple,
          ebering_ghost_sewer_d, grunt_ministairs_1
D:5:      layout_cave_pools, gammafunk_temple_overflow_forgotten,
          minmay_temple_entry_butterflies, guppyfry_shop_venom, uniq_eustachio
D:6:      layout_basic
D:7:      layout_loops_ring, serial_rivers, chequers_serial_rivers_marsh,
          chequers_serial_rivers_micro_b, chequers_serial_rivers_room_a,
          chequers_serial_rivers_micro_c
D:8:      layout_loops_ring, dpeg_lair_monsters
D:9:      minmay_tri_box, layout_cave_pools, regret_index_temple_of_mockery,
          nicolae_overflow_crystal_walls, zin_treasury, serial_glass,
          glass_columns_a, glass_columns_b, glass_columns_c, glass_columns_a,
          glass_columns_a, glass_columns_c, nicolae_tso_swordbearing_angel
D:10:     layout_basic, serial_rivers, chequers_serial_rivers_micro_a,
          chequers_serial_rivers_room_b, chequers_serial_rivers_small_a,
          chequers_serial_rivers_micro_a, minivault_25_ag, minmay_lizard_king,
          uniq_maggie, uniq_snorg

Skill      XL: |  1  2  3  4  5  6  7  8  9 10 11 |
---------------+----------------------------------+-----
Axes           | 3 4 5 6 8 9 12 13 17 18 | 18.9
Armour         | 4 5 |  5.0
Shields        | 4 5 |  5.0
Fighting       | |  3.6

Action                   |  1- 3 |  4- 6 |  7- 9 | 10-12 || total
-------------------------+-------+-------+-------+-------++-------
Melee: War axe           |   126 |   209 |   393 |   264 ||   992
Invok: Convert to Beogh  |       |       |     1 |       ||     1
Evoke: Wand              |       |       |       |     1 ||     1
  Use: Scroll            |       |     6 |     4 |     9 ||    19
       Potion            |       |       |     3 |     6 ||     9
 Stab: Paralysed         |       |     2 |       |       ||     2
Armor: Scale mail        |    27 |    60 |    33 |       ||   120
       Chain mail        |       |       |    96 |    31 ||   127
       Plate armour      |       |       |       |    57 ||    57
       Acid dragon scale |       |       |       |     4 ||     4
Dodge: Dodged            |    61 |    74 |   128 |    83 ||   346
Block: Kite shield       |    44 |   105 |   190 |    93 ||   432

Table legend: (Time is in decaauts)
 A = Elapsed time spent in this place.
 B = Non-inter-level travel time spent in this place.
 C = Inter-level travel time spent in this place.
 D = Time resting spent in this place.
 E = Time spent auto-exploring this place.
 F = Levels seen in this place.
 G = Mean time per level.
                   A        B        C        D        E       F      G
               +--------+--------+--------+--------+--------+-----+--------+
         Total |   9791 |   9659 |    132 |    507 |   6365 |  10 |  979.1 |
       Dungeon |   9791 |   9659 |    132 |    507 |   6365 |  10 |  979.1 |
               +--------+--------+--------+--------+--------+-----+--------+

Top non-repeatable levels by time:
     D:7: 1626 daAuts
     D:2: 1330 daAuts
     D:4: 1156 daAuts
     D:8: 1113 daAuts
     D:9: 957 daAuts
     D:6: 927 daAuts
     D:1: 892 daAuts
     D:3: 833 daAuts
     D:5: 661 daAuts
    D:10: 292 daAuts
